 Dungeon Crawl Stone Soup version 0.30-a0-125-g51eefa89be (webtiles) character file.

Game seed: 13555353420224580667

549 Maken the Chopper (level 7, -1/62 HPs)
             Began as a Hill Orc Monk on Sept 18, 2022.
             Slain by a necrophage (3 damage)
             ... on level 4 of the Dungeon.
             The game lasted 00:07:34 (4307 turns).

Maken the Chopper (Hill Orc Monk)                   Turns: 4307, Time: 00:07:35

Health: -1/62      AC:  7    Str: 16    XL:     7   Next: 28%
Magic:  7/7        EV: 10    Int: 10    God:
Gold:   206        SH:  0    Dex: 13    Spells: 6/6 levels left

rFire   . . .      SeeInvis .    p - +2 hand axe (freeze)
rCold   . . .      Faith    .    (no shield)
rNeg    . . .      Spirit   .    i - +0 scale mail
rPois   .          Reflect  .    (no helmet)
rElec   .          Harm     .    (no cloak)
rCorr   .          Rampage  .    (no gloves)
Will    .....                    (no boots)
Stlth   ..........               (no amulet)
HPRegen 0.20/turn                m - +4 ring of slaying
MPRegen 0.10/turn                (no ring)

@: no status effects
A: no striking features
a: no special abilities


You were on level 4 of the Dungeon.
You visited 1 branch of the dungeon, and saw 5 of its levels.

You collected 206 gold pieces.

Inventory:

Hand Weapons
 a - a +0 hand axe
 p - a +2 hand axe of freezing (weapon)
Armour
 b - a +0 robe
 i - a +0 scale mail (worn)
Jewellery
 e - a ring of ice
 m - a +4 ring of slaying (left hand)
 s - an amulet of magic regeneration
Wands
 t - a wand of charming (9)
Scrolls
 d - 6 scrolls of identify {unknown}
 g - a scroll of butterflies {unknown}
 j - 2 scrolls of poison {unknown}
 k - 2 scrolls of noise {unknown}
 n - 2 scrolls of fear {unknown}
 q - 2 scrolls of teleportation {unknown}
 r - 2 scrolls of vulnerability {unknown}
Potions
 c - 2 potions of ambrosia
 f - a potion of might {unknown}
 h - a potion of mutation {unknown}
 l - 3 potions of curing {unknown}
 o - 2 potions of degeneration {unknown}
 u - a potion of invisibility {unknown}
 v - a potion of brilliance {unknown}


   Skills:
 + Level 5.6 Fighting
 + Level 6.3 Axes
 + Level 3.9 Armour
 + Level 3.9 Dodging
 - Level 1.5 Stealth


You had 6 spell levels left.
You didn't know any spells.
Your spell library contained the following spells:

 Spells                   Type           Power      Damage    Failure   Level
 Magic Dart               Conj           0%         1d3       78%         1
 Sandblast                Erth           0%         2d4       78%         1
 Summon Small Mammal      Summ           0%         N/A       78%         1
 Call Imp                 Summ           0%         N/A       89%         2
 Passwall                 Tmut/Erth      0%         N/A       89%         2
 Sublimation of Blood     Necr           0%         N/A       89%         2
 Call Canine Familiar     Summ           0%         N/A       98%         3
 Mephitic Cloud           Conj/Pois/Air  0%         N/A       98%         3
 Stone Arrow              Conj/Erth      0%         3d7       98%         3
 Summon Guardian Golem    Hex/Summ       0%         N/A       98%         3
 Petrify                  Tmut/Erth      0%         N/A       100%        4
 Irradiate                Conj/Tmut      0%         3d11      100%        5


Dungeon Overview and Level Annotations

Branches:
Dungeon (5/15)
 Temple: D:4-7

Altars:
Kikubaaqudgha
Sif Muna
Wu Jian

Shops:
D:1 (


Message History

There is a stone staircase leading up here.
The gnoll bouda completely misses you.
The necrophage hits you but does no damage.
The gnoll hits you with a +0 club.
You climb upwards.
There is a stone staircase leading down here.
You are too injured to fight recklessly!
You slash the gnoll! You freeze the gnoll.
You kill the gnoll!
You hit the gnoll bouda. You freeze the gnoll bouda. You hit the necrophage.
The gnoll bouda barely misses you.
The necrophage hits you but does no damage.
The gnoll bouda closely misses you.
You see here a +0 club.
You hit the gnoll bouda. You freeze the gnoll bouda.
The gnoll bouda is almost dead.
You hit the necrophage.
The gnoll bouda hits you with a +0 whip!
* * * LOW HITPOINT WARNING * * *
The necrophage barely misses you.
You hit the necrophage. You freeze the necrophage.
The necrophage is severely damaged.
You hit the gnoll bouda but do no damage.
Your attacks no longer feel as feeble.
The gnoll bouda hits you with a +0 whip.
* * * LOW HITPOINT WARNING * * *
The necrophage hits you.
* * * LOW HITPOINT WARNING * * *
You hit the necrophage.
The necrophage is almost destroyed.
You barely miss the gnoll bouda.
The gnoll bouda hits you with a +0 whip!
* * * LOW HITPOINT WARNING * * *
The necrophage hits you.
* * * LOW HITPOINT WARNING * * *
You barely miss the necrophage. You punch the necrophage.
The necrophage is almost destroyed.
You hit the gnoll bouda but do no damage.
The gnoll bouda barely misses you. The necrophage hits you.
You die...

##.....# .......#
###.#### #.# #.#
#.# ####### #.#
#.....# ###.#
#.....#
....########....@#
...............gn#
....#######......#
....# #.......#
....# #.#.....#
###.# ###.#.....#
....# #........##
########.######..##
#### #...# ##..#


You could see a necrophage and a gnoll bouda.

Vanquished Creatures
  Prince Ribbit (D:5)
  A jelly (D:4)
  An orc priest (D:4)
  Ijyb (D:3)
  An orc wizard (D:4)
  6 gnolls
  8 adders
  A worm (D:3)
  2 dart slugs
  17 orcs
  9 ball pythons
  5 bats
  8 endoplasms
  8 giant cockroaches
  6 hobgoblins
  6 quokkas
  5 frilled lizards
  5 goblins
  6 kobolds
  5 rats
102 creatures vanquished.

Vanquished Creatures (others)
  11 plants (D:2)
  4 toadstools (D:1)
15 creatures vanquished.

Grand Total: 117 creatures vanquished

Notes
Turn   | Place    | Note
-------+----------+-------------------------------------------
     0 | D:1      | Maken the Hill Orc Monk began the quest for the Orb.
     0 | D:1      | Reached XP level 1. HP: 19/19 MP: 1/1
   191 | D:1      | Reached XP level 2. HP: 22/27 MP: 2/2
   358 | D:1      | Reached skill level 1 in Armour
   391 | D:1      | Found a faded altar of an unknown god.
   646 | D:1      | Reached XP level 3. HP: 33/33 MP: 3/3
   837 | D:1      | Found Vatso's Weapon Shoppe.
  1043 | D:2      | Found an ancient bone altar of Kikubaaqudgha.
  1403 | D:2      | Reached XP level 4. HP: 23/40 MP: 4/4
  2391 | D:3      | Reached skill level 5 in Axes
  2512 | D:3      | Noticed Ijyb
  2526 | D:3      | Killed Ijyb
  2527 | D:3      | Reached XP level 5. HP: 44/47 MP: 5/5
  2701 | D:3      | Found an ornate altar of the Wu Jian Council.
  3256 | D:4      | Reached XP level 6. HP: 52/55 MP: 6/6
  3274 | D:4      | Reached skill level 5 in Fighting
  3631 | D:4      | Found a shimmering blue altar of Sif Muna.
  4116 | D:5      | Entered Level 5 of the Dungeon
  4140 | D:5      | Noticed Prince Ribbit
  4155 | D:5      | Noticed a black bear
  4156 | D:5      | Killed Prince Ribbit
  4157 | D:5      | Reached skill level 6 in Axes
  4157 | D:5      | Reached XP level 7. HP: 34/61 MP: 7/7
  4306 | D:4      | HP: 2/62 [necrophage (2)]
  4307 | D:4      | Slain by a necrophage

Illustrated notes

Levels and vault maps discovered:
D:1:      ldierk_walled_garden_2, layout_loops_ring, serial_shops,
          nicolae_shop_waterfront, chequers_ecumenical_altar_island
D:2:      layout_loops_ring, basic_altar, serial_bayou, serial_bayou_shore_a,
          serial_bayou_pond_e, serial_bayou_lake_a, serial_bayou_shore_b,
          st_stairs_1
D:3:      layout_basic, mainiacjoe_overflow_24_doors, uniq_ijyb
D:4:      layout_basic, mainiacjoe_overflow_concentric_impassable
D:5:      layout_rooms, minmay_ruined_shrine, uniq_prince_ribbit1

Skill      XL: |  1  2  3  4  5  6 |
---------------+-------------------+-----
Armour         | 1 2 3 |  3.9
Fighting       | 4 5 |  5.6
Dodging        | 3 |  3.9
Axes           | 5 6 |  6.3
Stealth        | |  1.5

Action                   |  1- 3 |  4- 6 |  7- 9 || total
-------------------------+-------+-------+-------++-------
Melee: Hand axe          |   156 |   144 |    12 ||   312
       Punch             |     1 |     4 |     1 ||     6
 Stab: Sleeping          |     2 |       |       ||     2
Armor: Robe              |     8 |       |       ||     8
       Scale mail        |    67 |    46 |     7 ||   120
Dodge: Dodged            |    84 |    59 |    10 ||   153

Table legend: (Time is in decaauts)
 A = Elapsed time spent in this place.
 B = Non-inter-level travel time spent in this place.
 C = Inter-level travel time spent in this place.
 D = Time resting spent in this place.
 E = Time spent auto-exploring this place.
 F = Levels seen in this place.
 G = Mean time per level.
                   A        B        C        D        E       F      G
               +--------+--------+--------+--------+--------+-----+--------+
         Total |   4370 |   4233 |    137 |    102 |   3431 |   5 |  874.0 |
       Dungeon |   4370 |   4233 |    137 |    102 |   3431 |   5 |  874.0 |
               +--------+--------+--------+--------+--------+-----+--------+

Top non-repeatable levels by time:
     D:4: 1273 daAuts
     D:2: 1108 daAuts
     D:1: 1001 daAuts
     D:3: 931 daAuts
     D:5: 54 daAuts
